 Dungeon Crawl Stone Soup version 0.32-a0-5-gbffa963729 (webtiles) character file.

Game seed: 8723531767462632549

140 tilp the Vexing (level 5, -1/37 HPs)
             Began as a Vampire Enchanter on Jan 13, 2024.
             Slain by Grinder (3 damage)
             ... on level 3 of the Dungeon.
             The game lasted 00:03:23 (2294 turns).

tilp the Vexing (Vampire Enchanter)                 Turns: 2294, Time: 00:03:25

Health: -1/37      AC:  4    Str: 10    XL:     5   Next: 2%
Magic:  8/8        EV: 13    Int: 19    God:
Gold:   4          SH:  0    Dex: 15    Spells: 3/8 levels left

rFire   . . .        a - +2 dagger
rCold   . . .        (no shield)
rNeg    . . .        q - +0 robe
rPois   .            f - +0 helmet
rElec   .            (no cloak)
rCorr   +            u - +0 pair of gloves {Str+3}
SInv    +            (no boots)
Will    .....        (no amulet)
Stlth   +++          n - ring of resist corrosion
HPRegen 0.46/turn    (no ring)
MPRegen 0.11/turn

%: no passive effects
@: healing quickly, invisible
A: alive, fangs 3, see invisible, vampiric 2
a: Exsanguinate


You were on level 3 of the Dungeon.
You visited 1 branch of the dungeon, and saw 3 of its levels.

You collected 154 gold pieces.
You spent 150 gold pieces at shops.

Inventory:

Hand Weapons
 a - a +2 dagger (weapon)
 b - a +0 dagger of venom
Missiles
 m - 3 poisoned darts (quivered)
 o - 4 javelins
Armour
 f - a +0 helmet (worn)
 q - a +0 robe (worn)
 u - a +0 pair of gloves of strength (worn)
Jewellery
 n - a ring of resist corrosion (left hand)
Scrolls
 e - a scroll of enchant weapon
 p - a scroll of fog
 r - a scroll of silence {unknown}
 t - a scroll of brand weapon {unknown}
Potions
 c - 3 potions of invisibility
 d - 2 potions of lignification {unknown}
 g - 2 potions of mutation {unknown}
 h - a potion of heal wounds {unknown}
 i - a potion of degeneration {unknown}
 j - a potion of resistance {unknown}
 k - a potion of curing {unknown}
 l - a potion of haste {unknown}
 s - a potion of attraction {unknown}


   Skills:
 * Level 1.5 Fighting
 + Level 2.1(2.4) Short Blades
 * Level 1.5(2.1) Long Blades
 + Level 2.7 Dodging
 + Level 5.1 Stealth
 + Level 2.3 Spellcasting
 * Level 5.2 Hexes
 + Level 0.8 Ice Magic


You had 3 spell levels left.
You knew the following spells:

 Your Spells              Type           Power      Damage    Failure   Level
a - Ensorcelled Hibernat  Hex/Ice        26%        N/A       7%          2
b - Confusing Touch       Hex            22%        N/A       5%          3

Your spell library contained the following spells:

 Spells                   Type           Power      Damage    Failure   Level
 Tukima's Dance           Hex            22%        N/A       5%          3
 Foxfire                  Conj/Fire      8%         2x1d4     16%         1
 Dazzling Flash           Conj/Hex       24%        N/A       17%         3
 Plasma Beam              Fire/Air       1%         2x1d11    100%        6
 Starburst                Conj/Fire      1%         6d3       100%        6


Dungeon Overview and Level Annotations

Branches:
Dungeon (3/15)

Altars:
Vehumet

Shops:
D:3 [

Annotations:
D:3 Grinder


Innate Abilities, Weirdness & Mutations

Your natural rate of healing is accelerated.
You have razor-sharp teeth.
You have supernaturally acute eyesight. (SInv)
You are afflicted with vampirism and can become a bat while bloodless.


Message History

Grinder gestures at you. Pain shoots through your body!
Grinder says, "Just stop there for a second..."
Grinder hits you!
* * * LOW HITPOINT WARNING * * *
You writhe in agony.
* * * LOW HITPOINT WARNING * * *
Grinder hits you.
* * * LOW HITPOINT WARNING * * *
You writhe in agony.
* * * LOW HITPOINT WARNING * * *
You can move again.
Unknown command.
Unknown command.
You fade into invisibility!
Grinder misses you.
You barely miss Grinder. You bite Grinder, but do no damage.
Grinder is lightly wounded.
Grinder shouts!
Grinder says, "I used to sell toenails on the black market."
Grinder barely misses you.
You barely miss Grinder.
Grinder is lightly wounded.
Grinder barely misses you.
You catch the helpless Grinder completely off-guard!
You puncture Grinder!
Grinder is heavily wounded.
Grinder completely misses you.
You strike the helpless Grinder from behind!
You puncture Grinder!
Grinder is severely wounded.
Grinder gestures at you.
You struggle to resist.
You hit Grinder but do no damage.
Grinder is severely wounded.
Grinder hits you!
* * * LOW HITPOINT WARNING * * *
You writhe in agony.
You die...
Grinder sighs, "Dead already?
I want a refund."

###
###...
#....
#.#.#
##... ...
#5# #@#
#.# #.# #
#.#.#
#.#.##
###
###....#
#..
#...#.#.#
#.# #.
#†#.#...
#.# #.
#.#.# #.#
#.#


You could see Grinder (unable to see you).

Vanquished Creatures
  Jessica (D:3)
  5 adders (D:2)
  A ribbon worm (D:2)
  A dart slug (D:1)
  2 orcs (D:3)
  3 bats (D:1)
  11 endoplasms
  2 giant cockroaches
  5 hobgoblins
  2 jackals (D:3)
  3 quokkas
  9 ball pythons
  2 frilled lizards
  3 goblins
  6 kobolds
  5 rats
61 creatures vanquished.

Notes
Turn   | Place    | Note
-------+----------+-------------------------------------------
     0 | D:1      | tilp the Vampire Enchanter began the quest for the Orb.
     0 | D:1      | Reached XP level 1. HP: 13/13 MP: 3/3
   136 | D:1      | Reached XP level 2. HP: 16/20 MP: 5/5
   263 | D:1      | Learned a level 2 spell: Ensorcelled Hibernation
   799 | D:1      | Gained mutation: You are afflicted with vampirism and can
                  | become a bat while bloodless. [Vampire growth]
   799 | D:1      | Reached XP level 3. HP: 25/25 MP: 6/6
   844 | D:1      | Learned a level 3 spell: Confusing Touch
  1256 | D:2      | Reached skill level 1 in Fighting
  1256 | D:2      | Reached skill level 1 in Long Blades
  1493 | D:2      | Reached skill level 5 in Stealth
  1493 | D:2      | Reached skill level 5 in Hexes
  1493 | D:2      | Reached XP level 4. HP: 32/32 MP: 4/7
  1792 | D:2      | Found a radiant altar of Vehumet.
  2053 | D:3      | Found Pitiunusk's Antique Armour Shoppe.
  2231 | D:3      | Bought a pair of embroidered gloves for 150 gold pieces
  2246 | D:3      | Noticed Jessica
  2252 | D:3      | Killed Jessica
  2257 | D:3      | Reached XP level 5. HP: 37/37 MP: 8/8
  2276 | D:3      | Noticed Grinder
  2284 | D:3      | Paralysed by Grinder for 3 turns
  2294 | D:3      | Slain by Grinder

Illustrated notes

Levels and vault maps discovered:
D:1:      minmay_arrival_wavy_path, layout_loops_ring, chequers_jeans,
          item_on_display_a
D:2:      layout_basic, basic_altar
D:3:      layout_loops_ring, serial_shops, shop, grunt_ministairs_13,
          uniq_jessica, uniq_crazy_yiuf_cottage, uniq_sigmund, uniq_grinder

Skill      XL: |  1  2  3  4 |
---------------+-------------+-----
Fighting       | 1 |  1.5
Long Blades    | 1 |  1.5
Stealth        | 5 |  5.1
Hexes          | 5 |  5.2
Short Blades   | 2 |  2.1
Dodging        | |  2.7
Spellcasting   | |  2.3
Ice Magic      | |  0.8

Action                     |  1- 3 |  4- 6 || total
---------------------------+-------+-------++-------
  Melee: Dagger            |    94 |    36 ||   130
         Bite              |     6 |     1 ||     7
         Punch             |     2 |       ||     2
   Cast: Ensorcelled Hiber |    10 |     8 ||    18
    Use: Scroll            |     2 |       ||     2
         Potion            |       |     1 ||     1
   Stab: Sleeping          |    21 |    11 ||    32
         Invisible         |       |     2 ||     2
 Armour: Robe              |    34 |    15 ||    49
  Dodge: Dodged            |    49 |    10 ||    59

Table legend: (Time is in decaauts)
 A = Elapsed time spent in this place.
 B = Non-inter-level travel time spent in this place.
 C = Inter-level travel time spent in this place.
 D = Time resting spent in this place.
 E = Time spent auto-exploring this place.
 F = Levels seen in this place.
 G = Mean time per level.
                   A        B        C        D        E       F      G
               +--------+--------+--------+--------+--------+-----+--------+
         Total |   2282 |   2237 |     45 |    139 |   1675 |   3 |  760.7 |
       Dungeon |   2282 |   2237 |     45 |    139 |   1675 |   3 |  760.7 |
               +--------+--------+--------+--------+--------+-----+--------+

Top non-repeatable levels by time:
     D:2: 1178 daAuts
     D:1: 865 daAuts
     D:3: 238 daAuts
